Map: Prion Terraces

Players

Light (SpeCial)

  • Race: Terran Terran
  • League: Master

desRow - Winner!

  • Race: Protoss Protoss

Event: NationWars III

VOD

Have the link to the VOD?

Description

Time

  • Played on: Dec. 10, 2015, 12:25 p.m.
  • Length: 14:31
Show
View Real Time Build Order
Export as new Build Order

Light Terran 

Build Orders: Reaper Expand, Bio Tank, MMM Bio 

Get SALT Encoding   

  12  0:01  SCV  
  13  0:13  SCV  
  14  0:17  Supply Depot  
  14  0:25  SCV  
  15  0:38  SCV  
  15  0:40  Barracks  
  16  0:44  Refinery  
  16  0:50  SCV  
  17  1:03  SCV  
  18  1:15  SCV  
  19  1:28  Orbital Command  
  19  1:29  Reaper  
  20  1:44  Command Center  
  20  1:54  SCV, Supply Depot  
  20  2:01  Barracks Reactor  
  21  2:06  SCV  
  22  2:18  SCV  
  23  2:26  Factory  
  23  2:30  SCV  
  24  2:37  Marine x2  
  24  2:42  SCV  
  27  2:51  Command Center  
  27  2:56  Orbital Command  
  27  2:58  SCV  
  27  3:01  Marine  
  27  3:04  Marine  
  30  3:10  SCV  
  30  3:11  Factory Tech Lab  
  31  3:19  Marine  
  32  3:21  Marine  
  32  3:23  SCV x2  
  38  3:34  Cyclone  
  38  3:35  SCV x2  
  40  3:42  Supply Depot, Marine  
  40  3:43  Marine  
  41  3:52  SCV x2  
  43  4:03  Barracks, Orbital Command  
  43  4:04  SCV x2, Refinery  
  43  4:05  Marine x2  
  47  4:16  SCV x2  
  48  4:23  Marine x2  
  50  4:25  Siege Tank  
  50  4:27  Supply Depot  
  50  4:28  SCV x2  
  55  4:33  Bunker  
  55  4:35  SCV  
  55  4:36  Supply Depot  
  56  4:40  SCV x2  
  56  4:41  Marine x2  
  56  4:45  Barracks  
  60  4:47  SCV, Refinery  
  60  4:49  Refinery  
  60  4:52  Barracks Tech Lab  
  61  4:53  SCV x2  
  61  4:58  Siege Tank  
  66  5:00  Marine x2  
  66  5:06  SCV x2  
  69  5:13  SCV  
  70  5:14  Bunker  
  70  5:18  SCV, Stimpack, Marine x3  
  74  5:24  SCV, Engineering Bay  
  74  5:26  SCV  
  76  5:30  SCV  
  77  5:36  Marine x3  
  77  5:41  Engineering Bay  
  80  5:43  SCV x3  
  80  5:49  Supply Depot  
  83  5:53  Siege Tank  
  85  6:00  Supply Depot  
  85  6:08  Terran Infantry Weapons Level 1  
  85  6:10  Missile Turret, Marine x3  
  85  6:11  Supply Depot, Terran Infantry Armor Level 1  
  88  6:21  SCV x3  
  91  6:28  Marauder, Marine x2  
  91  6:30  Missile Turret  
  95  6:36  Factory Reactor, Starport  
  95  6:37  SCV  
  95  6:38  SCV x2  
  98  6:40  Supply Depot  
  98  6:46  Marine x2  
  100  6:48  Barracks  
  100  6:49  Orbital Command  
  100  6:52  Barracks  
  100  6:57  Marauder x2  
  100  7:00  SCV x2  
  106  7:09  Missile Turret  
  106  7:12  SCV  
  106  7:13  Marine x2  
  109  7:18  SCV x2  
  107  7:24  SCV, Marauder x2  
  107  7:25  Combat Shields  
  107  7:26  Concussive Shells  
  112  7:30  SCV x2, Factory Reactor  
  112  7:33  Supply Depot x2, Medivac  
  116  7:42  SCV  
  116  7:44  Refinery  
  117  7:47  Refinery  
  117  7:48  Barracks Reactor, Barracks Tech Lab  
  117  7:49  Armory  
  117  7:53  SCV  
  117  7:54  SCV x2, Medivac  
  117  7:57  Missile Turret  
  117  7:58  Marine x2  
  121  7:59  Marauder x2  
  126  8:05  SCV  
  126  8:06  Medivac  
  126  8:07  SCV x2  
  126  8:09  Widow Mine  
  126  8:12  Supply Depot  
  133  8:15  Supply Depot  
  133  8:19  Supply Depot  
  133  8:25  SCV  
  133  8:26  Marine  
  133  8:31  SCV  
  133  8:32  Marine x3  
  133  8:33  Medivac, Widow Mine  
  136  8:34  Marauder x2  
  136  8:36  Medivac  
  136  8:41  Marauder  
  131  8:44  Marine  
  119  8:49  Marine  
  119  8:50  Liberator x2, Marine  
  119  8:54  Widow Mine  
  119  8:55  Marauder x2, Terran Infantry Weapons Level 2, Terran Infantry Armor Level 2  
  127  9:01  Widow Mine  
  127  9:02  Marauder  
  131  9:05  Barracks x3  
  137  9:14  Marine x4  
  145  9:17  Marauder x2  
  145  9:20  Bunker  
  145  9:21  Bunker  
  145  9:30  SCV x3  
  145  9:43  Marauder x2, Marine  
  146  9:47  Widow Mine x2  
  146  9:50  Medivac x2  
  154  9:57  Command Center, Supply Depot  
  146  10:03  Liberator x2  
  146  10:06  Marine x3  
  146  10:07  Marine x2, Marauder x2  
  138  10:09  Marine x3  
  149  10:24  Marine x3  
  149  10:25  Marine  
  149  10:26  Marauder  
  149  10:27  Marine  
  149  10:28  Marauder  
  150  10:29  Marauder  
  150  10:33  Marine x2  
  139  10:40  Widow Mine x2  
  139  10:42  Marine x2  
  145  10:44  Marine  
  145  10:47  Marauder  
  145  10:49  Marauder  
  144  10:52  Marauder, Marine x2  
  144  10:53  Marine  
  144  10:54  Marine  
  127  11:00  Marine x2  
  127  11:03  Marine  
  115  11:08  Marauder  
  115  11:11  Marine, Marauder  
  109  11:12  Marine  
  109  11:13  Marine  
  109  11:14  Widow Mine x2, Marauder  
  102  11:22  Medivac x2  
  102  11:23  Marine x2  
  99  11:30  Marauder  
  99  11:31  Marine x2  
  99  11:32  Marauder  
  99  11:35  Marauder  
  99  11:38  Marine  
  89  11:51  Marauder  
  89  11:53  Marauder, Widow Mine  
  94  11:59  SCV x2  
  94  12:00  SCV  
  92  12:05  Marine  
  92  12:06  Marine x6  
  99  12:13  SCV  
  99  12:14  SCV x2  
  98  12:19  Orbital Command  
  98  12:22  Marine x2  
  100  12:25  Marine  
  100  12:26  Marauder  
  100  12:27  Medivac  
  100  12:29  Medivac  
  107  12:35  Missile Turret  
  107  12:42  Marauder, Marine  
  110  12:44  Orbital Command  
  110  12:45  Widow Mine  
  110  12:46  Widow Mine  
  110  12:48  Marauder, Marine x2  
  116  12:58  Marauder, Marine x4  
  114  12:59  Marine  
  114  13:03  Marauder  
  114  13:04  Medivac x2  
  125  13:06  Marine  
  110  13:15  Marine  
  110  13:16  Marine x2, Marauder  
  110  13:18  Liberator x2  
  115  13:20  Marauder, Marine x2  
  115  13:25  Marauder  
  119  13:27  Marine x2  
  121  13:37  Marauder  
  131  13:41  Marauder  
  131  13:46  Starport  
  119  13:50  Marauder, Marine x2  
  119  13:52  Orbital Command  
  104  13:55  Marine x2  
  104  13:56  Marine x2  
  104  13:58  Marauder  
  104  14:00  Marine  
  103  14:02  Marauder  
  103  14:08  Marine  
Show
View Real Time Build Order
Export as new Build Order

desRow Protoss - Winner!

Build Orders: 1 Gate Expand 

Get SALT Encoding   

  12  0:01  Probe (Chrono Boost)  
  13  0:11  Probe (Chrono Boost)  
  14  0:18  Pylon  
  14  0:22  Probe (Chrono Boost)  
  15  0:36  Probe (Chrono Boost)  
  15  0:37  Gateway  
  16  0:46  Probe (Chrono Boost)  
  16  0:49  Assimilator  
  17  0:57  Probe (Chrono Boost)  
  18  1:08  Probe (Chrono Boost)  
  20  1:18  Probe (Chrono Boost)  
  20  1:26  Nexus  
  20  1:35  Cybernetics Core  
  20  1:38  Probe (Chrono Boost)  
  21  1:48  Probe (Chrono Boost)  
  21  1:50  Assimilator  
  21  1:52  Pylon  
  22  1:59  Probe (Chrono Boost)  
  23  2:12  Mothership Core (Chrono Boost)  
  25  2:20  Adept  
  27  2:26  Pylon  
  27  2:27  Warp Gate  
  27  2:30  Probe (Chrono Boost)  
  28  2:39  Probe (Chrono Boost)  
  28  2:40  Probe (Chrono Boost)  
  30  2:47  Adept  
  30  2:50  Probe (Chrono Boost)  
  33  2:52  Robotics Facility  
  33  2:55  Probe (Chrono Boost)  
  34  3:01  Probe (Chrono Boost)  
  36  3:05  Probe (Chrono Boost)  
  36  3:11  Probe (Chrono Boost)  
  37  3:15  Twilight Council  
  37  3:16  Probe (Chrono Boost)  
  38  3:22  Probe (Chrono Boost), Adept  
  41  3:30  Probe (Chrono Boost), Pylon  
  41  3:33  Probe (Chrono Boost)  
  43  3:40  Probe (Chrono Boost)  
  44  3:44  Probe (Chrono Boost)  
  44  3:51  Probe (Chrono Boost)  
  44  3:53  Probe (Chrono Boost)  
  46  3:56  Warp Prism (Chrono Boost)  
  46  3:57  Resonating Glaives  
  46  3:59  Gateway  
  46  4:02  Probe, Gateway  
  49  4:05  Pylon  
  49  4:06  Probe  
  50  4:15  Probe  
  51  4:19  Probe  
  51  4:21  Assimilator  
  51  4:22  Assimilator  
  51  4:23  Pylon  
  52  4:27  Probe  
  52  4:28  Observer (Chrono Boost)  
  54  4:32  Probe, Dark Shrine  
  55  4:39  Probe  
  55  4:41  Adept  
  55  4:43  Probe  
  59  4:51  Probe  
  60  4:53  Probe  
  60  4:56  Immortal (Chrono Boost)  
  60  4:57  Pylon  
  65  5:03  Probe  
  66  5:09  Probe  
  67  5:16  Adept  
  69  5:21  Probe  
  69  5:22  Probe  
  69  5:25  Forge  
  71  5:29  Forge  
  71  5:35  Nexus  
  71  5:39  Immortal (Chrono Boost)  
  71  5:41  Blink (Chrono Boost)  
  75  5:48  Dark Templar  
  77  5:51  Pylon  
  77  5:53  Protoss Ground Weapons Level 1  
  77  5:56  Protoss Ground Armor Level 1  
  77  6:07  Robotics Bay  
  77  6:09  Pylon  
  77  6:11  Pylon  
  77  6:14  Probe  
  77  6:15  Probe  
  77  6:18  Dark Templar  
  81  6:30  Gateway  
  81  6:31  Gateway  
  81  6:32  Probe, Gateway  
  81  6:33  Probe  
  81  6:34  Gateway  
  81  6:36  Assimilator  
  83  6:47  Probe x3  
  86  6:54  Photon Cannon  
  86  6:55  Disruptor (Chrono Boost)  
  86  6:56  Photon Cannon  
  89  7:16  Probe x2  
  87  7:26  Stalker x3  
  87  7:27  Disruptor (Chrono Boost)  
  94  7:31  Pylon  
  94  7:32  Protoss Ground Weapons Level 2  
  94  7:34  Assimilator  
  94  7:38  Stalker x4  
  101  7:44  Protoss Ground Armor Level 2  
  101  7:48  Robotics Facility  
  104  7:58  Disruptor (Chrono Boost)  
  104  8:00  Zealot x3  
  110  8:10  Adept  
  110  8:12  Adept x3  
  118  8:15  Pylon  
  118  8:20  Pylon  
  118  8:21  Adept x3  
  118  8:22  Pylon  
  122  8:33  Warp Prism (Chrono Boost)  
  118  8:39  Stalker x4  
  110  8:59  Adept x3, Disruptor (Chrono Boost)  
  116  9:02  Gateway  
  116  9:04  Gateway  
  116  9:07  Nexus  
  116  9:08  Adept x2  
  116  9:09  Adept x2  
  124  9:15  Observer (Chrono Boost)  
  125  9:23  Adept  
  127  9:26  Stalker x2  
  123  9:47  Charge  
  123  9:49  Zealot x7  
  121  10:09  Pylon  
  121  10:11  Stalker x5  
  121  10:13  Pylon  
  121  10:14  Disruptor (Chrono Boost)  
  137  10:17  Protoss Ground Weapons Level 3  
  137  10:18  Disruptor (Chrono Boost)  
  137  10:20  Protoss Ground Armor Level 3  
  123  10:32  Adept x2  
  123  10:35  Adept x5  
  109  11:01  Stalker x2  
  109  11:02  Stalker x6  
  91  11:30  Stalker  
  91  11:31  Stalker x2  
  91  11:39  Stalker x3  
  95  11:40  Stalker x2  
  95  11:42  Observer (Chrono Boost)  
  95  11:45  Observer (Chrono Boost)  
  95  11:46  Zealot  
  89  12:00  Probe x3  
  88  12:04  Adept x3  
  94  12:12  Probe  
  94  12:14  Disruptor (Chrono Boost)  
  99  12:15  Probe  
  99  12:16  Disruptor (Chrono Boost)  
  99  12:17  Probe  
  99  12:20  Stalker x3  
  107  12:27  Probe  
  108  12:30  Photon Cannon  
  108  12:48  Warp Prism (Chrono Boost)  
  108  12:50  Stalker x4  
  112  13:03  Zealot  
  112  13:04  Zealot x3  
  116  13:20  Stalker x3  
  121  13:33  Zealot x3  
  121  13:34  Zealot x3  
  133  13:41  Photon Cannon  
Tags
 
Add a new tag
Caveats
  • Supply blocks, unpowered buildings, or Contaminate may cause inaccurate times.
  • Supply counts are checked every 10 seconds.